 Dungeon Crawl Stone Soup version 0.24.0-37-gcf1ca852f1 (webtiles) character file.

Game seed: 8811025143787577757, levelgen mode: deterministic

1187 FishyPogo the Insei (level 8, -13/60 HPs)
             Began as a Gnoll Transmuter on Nov 30, 2019.
             Was a Follower of Sif Muna.
             Mangled by an ice beast (14 damage)
             ... on level 6 of the Dungeon.
             The game lasted 00:16:34 (4875 turns).

FishyPogo the Insei (Gnoll Transmuter)              Turns: 4875, Time: 00:16:35

Health: -13/60     AC:  3    Str: 14    XL:     8   Next: 43%
Magic:  14/17      EV: 27    Int: 15    God:    Sif Muna [*.....]
Gold:   344        SH:  0    Dex: 22    Spells: 15/19 levels left

rFire    + . .     SeeInvis .     - Unarmed
rCold    . . .     Gourm    .   (shield currently unavailable)
rNeg     . . .     Faith    .   (armour currently unavailable)
rPois    x         Spirit   .   (helmet currently unavailable)
rElec    .         Reflect  .   (cloak currently unavailable)
rCorr    .         Harm     .   (gloves currently unavailable)
MR       +....                  (boots currently unavailable)
Stlth    +++.......             k - amulet of regeneration
HPRegen  0.60/turn              y - +1 ring of protection (curse)
MPRegen  0.15/turn              L - ring of protection from fire

@: spider-form
A: tiny, distributed training, repulsion field 1, magic resistance 1, mutation
resistance 1, strong nose
a: End Transformation, Channel Magic, Renounce Religion


You were on level 6 of the Dungeon.
You worshipped Sif Muna.
Sif Muna was aware of your devotion.
You were not hungry.
You were a venomous arachnid creature.
You visited 1 branch of the dungeon, and saw 6 of its levels.

You collected 344 gold pieces.

Inventory:

Hand Weapons
 i - a +2 whip of flaming (melded)
 D - a +1 vampiric rapier
 G - a +2 quarterstaff of pain
Missiles
 a - 36 arrows
 g - 219 stones (quivered)
 w - a throwing net
 z - 21 poisoned darts
 F - 2 curare-tipped darts
Armour
 b - a +0 robe (melded)
Jewellery
 k - an amulet of regeneration (around neck)
 y - a cursed +1 ring of protection (left front leg)
 L - a ring of protection from fire (right front leg)
Wands
 n - a wand of polymorph (2)
 t - a wand of iceblast (9)
 A - a wand of random effects (15)
Scrolls
 c - 2 scrolls of blinking {unknown}
 e - a scroll of fear {unknown}
 h - a scroll of immolation {unknown}
 j - 6 scrolls of identify
 l - 2 scrolls of remove curse
 m - a scroll of enchant armour {unknown}
 o - 2 scrolls of magic mapping {unknown}
 p - a scroll of enchant weapon {unknown}
 q - 7 scrolls of teleportation {unknown}
 r - a scroll of noise {unknown}
 x - a scroll of amnesia {unknown}
Potions
 f - 3 potions of brilliance
 s - 2 potions of lignification {unknown}
 u - 2 potions of flight {unknown}
 v - a potion of berserk rage {unknown}
 B - a potion of invisibility {unknown}
 C - a potion of curing {unknown}
 E - 2 potions of agility {unknown}
 H - a potion of might {unknown}
 J - a potion of haste {unknown}
 K - a potion of heal wounds
Comestibles
 d - 7 rations
 I - 6 chunks of flesh


   Skills:
 + Level 4.1 Fighting
 + Level 3.2 Short Blades
 + Level 3.2 Long Blades
 + Level 3.2 Axes
 + Level 3.2 Maces & Flails
 + Level 3.2 Polearms
 + Level 3.2 Staves
 + Level 3.2 Slings
 + Level 3.2 Bows
 + Level 3.2 Crossbows
 + Level 3.2 Throwing
 + Level 3.2 Armour
 + Level 5.6 Dodging
 + Level 3.2 Stealth
 + Level 3.2 Shields
 + Level 7.3 Unarmed Combat
 + Level 6.0 Spellcasting
 + Level 2.6 Conjurations
 + Level 2.6 Hexes
 + Level 2.6 Charms
 + Level 2.6 Summonings
 + Level 2.6 Necromancy
 + Level 2.6 Translocations
 + Level 4.6 Transmutations
 + Level 2.6 Fire Magic
 + Level 2.6 Ice Magic
 + Level 2.6 Air Magic
 + Level 2.6 Earth Magic
 + Level 2.6 Poison Magic
 + Level 3.5 Invocations
 + Level 3.2 Evocations


You had 15 spell levels left.
You knew the following spells:

 Your Spells              Type           Power        Failure   Level  Hunger
u - Spider Form           Tmut/Pois      ###.......   24%         3    ##.....
y - Beastly Appendage     Tmut           ###...       9%          1    None

Your spell library contained the following spells:

 Spells                   Type           Power        Failure   Level  Hunger
 Sticks to Snakes         Tmut           ###.....     11%         2    #......
 Ice Form                 Ice/Tmut       ###.....     54%         4    ####...
 Blade Hands              Tmut           ###.......   73%         5    ######.


Dungeon Overview and Level Annotations

Branches:
Dungeon (6/15)             Temple (0/1) D:4

Altars:
Elyvilon
Kikubaaqudgha
Sif Muna
Trog
Uskayaw
Wu Jian
Xom
Yredelemnul

Annotations:
D:4 1 runed translucent door


Innate Abilities, Weirdness & Mutations

Your experience applies equally to all skills.
((You have very sharp teeth.))
Your uncanny sense of smell can sniff out nearby items.
You are surrounded by a mild repulsion field. (EV +2)
You are resistant to hostile enchantments. (MR+)
You are somewhat resistant to further mutation.
((Your movements are slightly less encumbered by armour. (ER -2)))


Message History

You hit the ice beast but do no damage. You headbutt the ice beast.
The ice beast is severely wounded.
The adder skeleton closely misses you. The ice beast closely misses you.
You closely miss the ice beast.
You headbutt the ice beast, but do no damage.
The ice beast is severely wounded.
The adder skeleton misses you. The ice beast hits you.
* * * LOW HITPOINT WARNING * * *
The ice beast freezes you!
* * * LOW HITPOINT WARNING * * *
Casting: Beastly Appendage (safe; 2% risk of failure)
Confirm with . or Enter, or press ? or * to list all spells.
Your horns disappear.
You turn into a venomous arachnid creature.
Your +2 whip of flaming melds into your body.
Your +0 robe melds into your body.
Your +2 whip of flaming stops flaming.
The adder skeleton closely misses you. The ice beast hits you.
* * * LOW HITPOINT WARNING * * *
The ice beast freezes you!
You die...

#######.########.....####...###.#
#..............####...# #.#
##########........#...# #.#
####........#...###.#
#...........##.......
#......#....##.......
#......#....##.......
#....Z.#....##.......
#...sY.#....##.......
######......#######.# #......#
#.# #.[........## ####'#
#..........# ###.....
#..........# #.......
#....h.....# #.......
############ #....... #...##.#


You could see an ice beast and an adder skeleton.

Vanquished Creatures
  Sigmund (D:2)
  An ice beast (D:5)
  A sky beast (D:5)
  2 ogres (D:4)
  Blork the orc (D:5)
  A bullfrog (D:6)
  2 scorpions
  A crimson imp (D:5)
  A hound (D:6)
  An orc priest (D:4)
  2 iguanas (D:4)
  An orc wizard (D:4)
  2 worker ants
  Robin (D:2)
  3 gnolls (D:2)
  6 adders
  An ooze (D:5)
  4 worms
  6 dart slugs
  A leopard gecko (D:6)
  14 orcs
  2 ball pythons
  2 giant cockroaches
  12 goblins
  13 hobgoblins
  14 jackals
  2 quokkas
  5 bats
  7 frilled lizards
  9 kobolds
  A leopard gecko skeleton (D:4)
  A quokka skeleton (D:5)
  12 rats
133 creatures vanquished.

Notes
Turn   | Place    | Note
-------+----------+-------------------------------------------
     0 | D:1      | FishyPogo the Gnoll Transmuter began the quest for the Orb.
     0 | D:1      | Reached XP level 1. HP: 17/17 MP: 6/6
   166 | D:1      | Reached XP level 2. HP: 12/23 MP: 5/7
   886 | D:1      | Reached XP level 3. HP: 22/28 MP: 9/9
   892 | D:1      | Learned a level 3 spell: Spider Form
   911 | D:2      | Noticed Sigmund
   985 | D:2      | Reached skill level 5 in Spellcasting
   989 | D:2      | Reached skill level 1 in Invocations
   991 | D:2      | Reached skill level 1 in Short Blades
   991 | D:2      | Reached skill level 1 in Long Blades
   991 | D:2      | Reached skill level 1 in Axes
   991 | D:2      | Reached skill level 1 in Maces & Flails
   991 | D:2      | Reached skill level 1 in Polearms
   991 | D:2      | Reached skill level 1 in Staves
   991 | D:2      | Reached skill level 1 in Slings
   991 | D:2      | Reached skill level 1 in Bows
   991 | D:2      | Reached skill level 1 in Crossbows
   991 | D:2      | Reached skill level 1 in Throwing
   991 | D:2      | Reached skill level 1 in Armour
   991 | D:2      | Reached skill level 1 in Stealth
   991 | D:2      | Reached skill level 1 in Shields
   991 | D:2      | Reached skill level 1 in Evocations
   993 | D:2      | Reached XP level 4. HP: 27/34 MP: 8/11
  1087 | D:2      | Killed Sigmund
  1087 | D:2      | Reached skill level 1 in Conjurations
  1087 | D:2      | Reached skill level 1 in Hexes
  1087 | D:2      | Reached skill level 1 in Charms
  1087 | D:2      | Reached skill level 1 in Summonings
  1087 | D:2      | Reached skill level 1 in Necromancy
  1087 | D:2      | Reached skill level 1 in Translocations
  1087 | D:2      | Reached skill level 1 in Fire Magic
  1087 | D:2      | Reached skill level 1 in Ice Magic
  1087 | D:2      | Reached skill level 1 in Air Magic
  1087 | D:2      | Reached skill level 1 in Earth Magic
  1087 | D:2      | Reached skill level 1 in Poison Magic
  1087 | D:2      | Reached XP level 5. HP: 18/41 MP: 8/12
  1087 | D:2      | Reached XP level 6. HP: 21/47 MP: 8/13
  1135 | D:2      | Noticed Robin
  1145 | D:2      | HP: 2/47 [hobgoblin/+0 club[Robin] (4)]
  1147 | D:2      | Gained mutation: You are surrounded by a mild repulsion
                  | field. (EV +2) [potion of mutation]
  1147 | D:2      | Gained mutation: You are resistant to hostile enchantments.
                  | (MR+) [potion of mutation]
  1147 | D:2      | Gained mutation: Your movements are slightly less
                  | encumbered by armour. (ER -2) [potion of mutation]
  1147 | D:2      | Gained mutation: You are somewhat resistant to further
                  | mutation. [potion of mutation]
  1149 | D:2      | Killed Robin
  1590 | D:2      | Reached skill level 5 in Dodging
  1653 | D:3      | Found a hide-covered altar of Uskayaw.
  1883 | D:3      | Found a shimmering altar of Xom.
  1889 | D:3      | Found a shimmering blue altar of Sif Muna.
  1889 | D:3      | Found a bloodstained altar of Trog.
  1889 | D:3      | Found a basalt altar of Yredelemnul.
  1890 | D:3      | Found an ornate altar of the Wu Jian Council.
  1891 | D:3      | Found a white marble altar of Elyvilon.
  1892 | D:3      | Found an ancient bone altar of Kikubaaqudgha.
  1904 | D:3      | Became a worshipper of Sif Muna the Loreminder
  2396 | D:3      | Found a hide-covered altar of Uskayaw.
  2496 | D:3      | Found a shimmering blue altar of Sif Muna.
  2497 | D:3      | Found a white marble altar of Elyvilon.
  2497 | D:3      | Found an ornate altar of the Wu Jian Council.
  2501 | D:3      | Found an ancient bone altar of Kikubaaqudgha.
  2503 | D:3      | Found a bloodstained altar of Trog.
  2505 | D:3      | Found a shimmering altar of Xom.
  2508 | D:3      | Found a basalt altar of Yredelemnul.
  2892 | D:4      | Reached XP level 7. HP: 52/52 MP: 13/15
  3049 | D:4      | Found a staircase to the Ecumenical Temple.
  3089 | D:4      | Reached skill level 7 in Unarmed Combat
  3103 | D:4      | Found a white marble altar of Elyvilon.
  3103 | D:4      | Noticed an angel
  3104 | D:4      | Found a runed translucent door.
  3385 | D:4      | Reached * piety under Sif Muna
  3697 | D:5      | Entered Level 5 of the Dungeon
  4054 | D:5      | Reached XP level 8. HP: 45/60 MP: 12/16
  4388 | D:5      | Noticed Blork the orc
  4399 | D:5      | Killed Blork the orc
  4874 | D:6      | HP: 3/60 [ice beast (12)]
  4875 | D:6      | HP: 1/60 [ice beast (2)]
  4875 | D:6      | Mangled by an ice beast

Levels and vault maps discovered:
D:1:      dpeg_arrival_connections, layout_basic
D:2:      layout_rooms, chequers_garden, st_stairs_3, uniq_sigmund, uniq_robin
D:3:      layout_loops_ring, lemuel_crystal_altar, grunt_temple_overflow_open,
          corexii_corridor_pit
D:4:      layout_loops_corners, lemuel_temple_firewalk_a, first_ration,
          lemuel_angel_altar
D:5:      layout_layer_cave, hangedman_abyss_or_decor_passed, uniq_blork_the_orc
D:6:      layout_basic

Skill      XL: |  1  2  3  4  5  6  7  8 |
---------------+-------------------------+-----
Spellcasting   | 5 6 |  6.0
Invocations    | 1 2 3 |  3.5
Short Blades   | 1 2 3 |  3.2
Long Blades    | 1 2 3 |  3.2
Axes           | 1 2 3 |  3.2
Maces & Flails | 1 2 3 |  3.2
Polearms       | 1 2 3 |  3.2
Staves         | 1 2 3 |  3.2
Slings         | 1 2 3 |  3.2
Bows           | 1 2 3 |  3.2
Crossbows      | 1 2 3 |  3.2
Throwing       | 1 2 3 |  3.2
Armour         | 1 2 3 |  3.2
Stealth        | 1 2 3 |  3.2
Shields        | 1 2 3 |  3.2
Evocations     | 1 2 3 |  3.2
Fighting       | 3 4 |  4.1
Conjurations   | 1 2 |  2.6
Hexes          | 1 2 |  2.6
Charms         | 1 2 |  2.6
Summonings     | 1 2 |  2.6
Necromancy     | 1 2 |  2.6
Translocations | 1 2 |  2.6
Transmutations | 4 |  4.6
Fire Magic     | 1 2 |  2.6
Ice Magic      | 1 2 |  2.6
Air Magic      | 1 2 |  2.6
Earth Magic    | 1 2 |  2.6
Poison Magic   | 1 2 |  2.6
Dodging        | 5 |  5.6
Unarmed Combat | 7 |  7.3

Action                   |  1- 3 |  4- 6 |  7- 9 || total
-------------------------+-------+-------+-------++-------
Melee: Dagger            |    38 |       |       ||    38
       Bite              |     7 |     7 |    16 ||    30
       Punch             |     4 |     3 |     9 ||    16
       Headbutt          |     2 |     1 |     4 ||     7
       Unarmed           |    11 |    70 |    38 ||   119
       Kick              |     1 |     1 |       ||     2
       Whip              |    36 |   102 |    98 ||   236
       Rapier            |       |       |    41 ||    41
       Quarterstaff      |       |       |     8 ||     8
 Cast: Beastly Appendage |     5 |     5 |     1 ||    11
       Spider Form       |     1 |     8 |     8 ||    17
  Use: Potion            |       |     3 |       ||     3
       Scroll            |       |     1 |       ||     1
 Stab: Sleeping          |     2 |     4 |     6 ||    12
       Distracted        |       |       |     1 ||     1
  Eat: Chunk             |       |     6 |     8 ||    14
Armor: Robe              |     8 |     7 |    17 ||    32
       Skin              |       |     3 |       ||     3
Dodge: Dodged            |    74 |   153 |   145 ||   372
